 Dungeon Crawl Stone Soup version 0.31-a0-167-g1c394c0614 (webtiles) character file.

Game seed: 196153806449795595

143763 Zenkrye the Tortoise (level 16, -10/243 HPs)
             Began as an Armataur Berserker on June 13, 2023.
             Was a High Priest of Trog.
             Mangled by an alligator (34 damage)
             ... called by a spriggan druid
             ... on level 2 of the Swamp on June 14, 2023.
             The game lasted 01:21:42 (27275 turns).

Zenkrye the Tortoise (Armataur Berserker)          Turns: 27275, Time: 01:21:42

Health: -10/243    AC: 32    Str: 31    XL:     16   Next: 83%
Magic:  5/5        EV:  5    Int:  8    God:    Trog [*****.]
Gold:   1833       SH:  8    Dex: 14    Spells: 15/15 levels left

rFire   + + .        N - +4 eveningstar (antimagic)
rCold   + . .        V - +2 buckler
rNeg    . . .        d - +0 plate armour
rPois   +            j - +1 helmet
rElec   .            y - +0 cloak
rCorr   .            m - +2 pair of gloves of Lesser Demons {rF+}
SInv    .            R - +0 barding
Will    +++..        B - amulet of the Distant Future {Faith rPois Slay+3} Stlth
                     C - ring of flight
HPRegen 1.60/turn    k - ring "Gyqah" {rF+ rC+ Str+5}
MPRegen 0.09/turn

%: roll, faith
@: berserking, strong-willed, flying, regenerating, very quick
A: large, rugged brown scales 3, deformed body, armoured tail, roll, long
tongue, awkward tongue
a: Renounce Religion, Berserk, Trog's Hand, Brothers in Arms


You were on level 2 of the Swamp.
You worshipped Trog.
Trog was extremely pleased with you.
You visited 4 branches of the dungeon, and saw 24 of its levels.
You also visited: Gauntlet.

You collected 2476 gold pieces.
You spent 643 gold pieces at shops.

Inventory:

Hand Weapons
 e - a +4 sling of draining
 w - the +6 shillelagh "Devastator" {shatter}
   (You found it on level 5 of the Dungeon)
 N - a +4 antimagic eveningstar (weapon)
 Q - a +2 demon whip
 Z - a +0 heavy demon whip
Missiles
 a - 19 boomerangs
 g - 34 poisoned darts
 l - a javelin
 E - 7 silver javelins
 G - a curare-tipped dart (quivered)
Armour
 d - a +0 plate armour (worn)
 f - a scarf of invisibility
 j - a +1 helmet (worn)
 m - the +2 pair of gloves of Lesser Demons (worn) {rF+}
   (You found it on level 3 of the Dungeon)

   rF:        It protects you from fire.
 y - a +0 cloak (worn)
 D - the +0 pair of fencer's gloves {Riposte Dex+3}
   (You found it in a Gauntlet)

   Riposte:   It allows the wearer to riposte with melee weapons, swiftly
   retaliating against missed or blocked melee attacks.
   Dex:       It affects your dexterity (+3).
 R - a +0 barding (worn)
 V - a +2 buckler (worn)
 Y - a +0 tower shield
Jewellery
 c - a ring of protection from cold
 k - the ring "Gyqah" (right hand) {rF+ rC+ Str+5}
   (You bought it in a shop on level 12 of the Dungeon)

   [ring of protection from fire]

   Str:       It affects your strength (+5).
   rF:        It protects you from fire.
   rC:        It protects you from cold.
 n - a ring of positive energy
 r - a ring of resist corrosion
 v - a +5 ring of evasion
 B - the amulet of the Distant Future (around neck) {Faith rPois Slay+3}
   (You found it in a Gauntlet)

   [amulet of faith]

   It allows you to gain divine favour quickly.
   Slay:      It affects your accuracy & damage with ranged weapons and melee
   (+3).
   rPois:     It protects you from poison.
 C - a ring of flight (left hand)
 F - a ring of willpower
Wands
 o - a wand of polymorph (4)
 p - a wand of iceblast (25) {@v4}
 A - a wand of flame (53)
 K - a wand of light (10)
 M - a wand of charming (10)
Scrolls
 b - 4 scrolls of immolation
 i - 5 scrolls of identify {@r1}
 s - 2 scrolls of revelation
 H - 6 scrolls of enchant weapon
 J - 2 scrolls of blinking {@r4}
 O - 3 scrolls of fear
 P - 2 scrolls of teleportation {@r3}
 T - a scroll of summoning
 U - 4 scrolls of enchant armour
Potions
 h - 3 potions of mutation
 q - 2 potions of magic
 t - 2 potions of haste {@q3}
 u - a potion of enlightenment
 x - 3 potions of heal wounds {@q2}
 z - 7 potions of curing {@q1}
 L - a potion of might {@q4}
 W - a potion of ambrosia
Miscellaneous
 I - a tin of tremorstones (2/2)
 S - a phantom mirror


   Skills:
 * Level 16.7 Fighting
 - Level 16.0 Maces & Flails
 + Level 19.1 Armour
 - Level 1.3 Dodging
 + Level 7.6 Shields
 + Level 7.0 Evocations


You had 15 spell levels left.
You didn't know any spells.
Your spell library was empty.

Dungeon Overview and Level Annotations

Branches:
Dungeon (15/15)            Temple (0/1) D:6            Lair (5/5) D:8
  Swamp (2/4) Lair:3       Spider (0/4) Lair:2        Slime (0/5) Lair:5
    Orc (2/2) D:12            Elf (0/3) Orc:2        Vaults (0/5) D:14
 Depths (0/4) D:15        Gauntlet (visited)

Altars:
Ashenzari
Fedhas
Gozag
Hepliaklqana
Makhleb
Nemelex Xobeh
Trog
Uskayaw
Vehumet
Xom
Zin
Jiyva

Shops:
D:5 [   D:6 ?   D:8 (!   D:12 *   Orc:2 (!:(

Annotations:
D:2 Robin
D:4 4 transporters, Hubris850's ghost, amateur DESu
D:13 exclusion: 2 oklob plants
D:14 exclusion: statue
Lair:2 exclusion: 2 oklob plants
Lair:4 2 transporters


Innate Abilities, Weirdness & Mutations

You are completely covered in rugged brown scales. (AC +3, +7% HP)
Armour fits poorly on your strangely shaped body.
You have a long armoured tail.
You roll when moving toward enemies. (Rampage)
Your long tongue fully drains potion bottles. (2x potion effects)
Your tongue gives you trouble enunciating. (1.5x scroll delay)


Message History

The bunyip is heavily wounded.
The alligator puts on a burst of speed!
The tyrant leech bites you but does no damage.
You bludgeon the bunyip!!
Your tail-slap misses the bunyip.
The bunyip is almost dead.
The alligator bites you! The alligator barely misses you.
You closely miss the bunyip.
The bunyip is almost dead.
You closely miss the bunyip.
Your tail-slap misses the bunyip.
The bunyip is almost dead.
The swamp worm bites you!! You block the alligator's attack.
The alligator tail-slaps you but does no damage.
The tyrant leech completely misses you. The bunyip barely misses you.
The bunyip claws you but does no damage.
The bunyip claws you!!!
* * * LOW HITPOINT WARNING * * *
You are too berserk!
You skewer the bunyip like a kebab!!!
You kill the bunyip!
Trog accepts your kill. The alligator bites you.
* * * LOW HITPOINT WARNING * * *
You block the alligator's attack.
The swamp worm bites you but does no damage.
You puncture the tyrant leech!
Your tail-slap misses the tyrant leech.
The tyrant leech is moderately wounded.
The tyrant leech bites you but does no damage.
You impale the tyrant leech!!
The tyrant leech is almost dead.
The swamp worm completely misses you. You block the alligator's attack.
The alligator barely misses you.
You spit the tyrant leech like a pig!!!
You kill the tyrant leech!
Trog accepts your kill.
You hammer the alligator like a gong!!! You tail-slap the alligator!!
The alligator is almost dead.
The swamp worm bites you!
* * * LOW HITPOINT WARNING * * *
The alligator bites you!!
You die...

♣.~~...~~~~~~~~♣♣♣♣ ♣......
.~~~..~~~~~~~~....♣♣.~~~...
~~~~.~~<.~~§.~~~~~.♣.~~~.~~
~~.......§~~.~~~~~~♣~~~~..~
~~.~~~~~.~~~~~~~~.♣.~~~#
.~~§~~~..~.~§....♣♣~~~~#
...~~♣♣~♣♣.~~.....†....#
...~.♣♣♣♣♣....♣w†t[~..♣#
♣..♣♣♣ ♣♣♣♣♣♣♣@)~§..♣ ~.♣♣
♣♣...~..# ♣♣ ♣~..~~~#
♣♣♣.~~~~~. ♣~.~~§~..
♣♣.~~~~~. ~.~~~~. .~~....


You could see an alligator (strong, swift) and a swamp worm (strong).

Vanquished Creatures
  Nikola (Swamp:1)
  Rupert (Lair:4)
  A sphinx (D:13)
  Louise (D:15)
  Nessos (Lair:5)
  3 bunyips
  Azrael (D:13)
  A minotaur (Gauntlet)
  Snorg (D:13)
  A fire dragon (Lair:5)
  A vault guard (D:14)
  7 ogre magi
  7 hydras
  4 catoblepae
  6 centaur warriors
  16 two-headed ogres
  3 alligators (Swamp:1)
  7 boulder beetles
  Erica (D:8)
  7 death yaks
  A deep troll earth mage (D:13)
  The ghost of timneilson the Protected, a journeyman GrFi of Okawaru (D:10)
  A tengu warrior (D:10)
  Nergalle (Orc:1)
  A fire crab (shapeshifter) (D:15)
  6 skysharks
  7 skeletal warriors
  A fire crab (Lair:5)
  3 goliath frogs
  3 spriggan druids
  3 swamp dragons
  2 bog bodies (Swamp:1)
  2 deep trolls (Orc:2)
  A phantasmal warrior (D:15)
  8 wizards
  2 orc knights
  4 orc sorcerers
  A deep elf zephyrmancer (D:14)
  5 deep elf pyromancers
  A necromancer (D:15)
  2 will-o-the-wisps (Swamp:1)
  5 manticores
  A moth of wrath (D:10)
  10 cyclopes
  12 black mambas
  3 molten gargoyles (Lair:5)
  13 elephants
  14 cane toads
  A gargoyle (D:13)
  Maggie (D:6)
  A torpor snail (Gauntlet)
  15 komodo dragons
  17 rime drakes
  A freezing wraith (D:15)
  3 tengu conjurers
  2 ice devils (D:13)
  2 polar bears
  3 meliai (D:13)
  13 trolls
  5 tyrant leeches
  A queen bee (D:13)
  Prince Ribbit (D:7)
  2 hornets
  27 blink frogs
  An ettin zombie (D:15)
  5 dream sheep (Lair:5)
  14 slime creatures
  2 shadows (D:11)
  4 centaur simulacra
  A vampire (D:9)
  38 yaks
  5 fire elementals (D:13)
  6 wraiths
  8 wyverns
  11 basilisks
  A redback simulacrum (Gauntlet)
  11 steam dragons
  5 swamp worms (Swamp:1)
  2 wargs (D:12)
  Edmund (D:5)
  Duvessa (D:6)
  6 hell hounds
  8 water moccasins
  5 acid dragons
  A human skeleton (D:15)
  A hydra simulacrum (Gauntlet)
  A floating eye (Orc:1)
  A meliai simulacrum (Gauntlet)
  3 ice beasts
  11 orc warriors
  4 black bears
  22 ogres
  16 wolves
  16 centaurs
  A phantom (D:4)
  A kobold brigand (D:8)
  3 scorpions
  9 bullfrogs
  15 wights
  Dowan (D:6)
  37 killer bees
  5 howler monkeys
  A crimson imp (Gauntlet)
  5 lava snakes (Lair:5)
  A quasit (D:8)
  3 jellies
  12 orc priests
  Crazy Yiuf (D:5)
  A gnoll bouda (D:6)
  2 hounds
  A sleepcap (D:4)
  Terence (D:2)
  6 iguanas
  21 orc wizards
  5 hell rats (Lair:5)
  8 gnolls
  6 adders
  4 shadow imps (D:8)
  5 white imps
  2 ufetubi (D:8)
  A worm (D:2)
  A dart slug (D:4)
  67 orcs
  3 bats
  4 endoplasms
  7 giant cockroaches
  9 goblins
  5 hobgoblins
  3 jackals (D:1)
  4 quokkas
  8 ball pythons
  3 frilled lizards
  9 kobolds
  3 rats
775 creatures vanquished.

Vanquished Creatures (collateral kills)
  A titan zombie (D:15)
  2 slime creatures (D:15)
  An ettin zombie (D:15)
  An orc warrior (D:15)
5 creatures vanquished.

Vanquished Creatures (others)
  5 dream sheep (D:5)
  A killer bee (D:13)
  4 foxfires (Swamp:1)
10 creatures vanquished.

Grand Total: 790 creatures vanquished

Notes
Turn   | Place    | Note
-------+----------+-------------------------------------------
     0 | D:1      | Zenkrye the Armataur Berserker began the quest for the Orb.
     0 | D:1      | Reached XP level 1. HP: 19/19 MP: 1/1
    96 | D:1      | Reached XP level 2. HP: 24/26 MP: 2/2
   712 | D:2      | Reached XP level 3. HP: 32/32 MP: 3/3
   752 | D:2      | Reached ** piety under Trog
   795 | D:2      | Noticed Robin
  1059 | D:2      | Reached XP level 4. HP: 39/39 MP: 4/4
  1142 | D:2      | Noticed Terence
  1150 | D:2      | Killed Terence
  1375 | D:2      | Reached skill level 5 in Maces & Flails
  1512 | D:2      | Found a faded altar of an unknown god.
  1595 | D:3      | Identified the +2 pair of gloves of Lesser Demons {rF+}
  1658 | D:3      | Reached XP level 5. HP: 44/44 MP: 5/5
  2359 | D:4      | Found a transporter.
  2457 | D:4      | Found a transporter.
  2502 | D:4      | Reached XP level 6. HP: 53/53 MP: 6/6
  2531 | D:4      | Found a transporter.
  2532 | D:4      | Noticed Hubris850's ghost (amateur DESu)
  2801 | D:4      | Found an opulent altar of Gozag.
  2980 | D:4      | Found a transporter.
  3277 | D:5      | Entered Level 5 of the Dungeon
  3316 | D:5      | Reached XP level 7. HP: 52/59 MP: 7/7
  3502 | D:5      | Noticed Edmund
  3519 | D:5      | Killed Edmund
  3761 | D:5      | Noticed a dream sheep
  3761 | D:5      | Noticed a dream sheep
  3761 | D:5      | Noticed a dream sheep
  3761 | D:5      | Noticed a dream sheep
  3761 | D:5      | Noticed a dream sheep
  3761 | D:5      | Found a shimmering altar of Xom.
  3765 | D:5      | Killed a dream sheep
  3765 | D:5      | Killed a dream sheep
  3765 | D:5      | Killed a dream sheep
  3766 | D:5      | Killed a dream sheep
  3768 | D:5      | Killed a dream sheep
  3953 | D:5      | Reached XP level 8. HP: 62/66 MP: 8/8
  3977 | D:5      | Found Yzewn's Armour Shoppe.
  3985 | D:5      | Identified the +3 leather armour of the Slightly Bent
                  | {Int+3 Stlth+}
  4208 | D:5      | Found a glowing silver altar of Zin.
  4268 | D:5      | Found a runed translucent door.
  4268 | D:5      | Found the +6 shillelagh "Devastator" {shatter}
  4269 | D:5      | Noticed Crazy Yiuf
  4275 | D:5      | Killed Crazy Yiuf
  4408 | D:6      | Reached skill level 10 in Maces & Flails
  4426 | D:6      | Found Noax's Magic Scroll Boutique.
  4460 | D:6      | Reached *** piety under Trog
  4628 | D:6      | Noticed Maggie
  4645 | D:6      | Killed Maggie
  4646 | D:6      | Reached XP level 9. HP: 72/72 MP: 9/9
  4780 | D:6      | Noticed Duvessa
  4780 | D:6      | Noticed Dowan
  4790 | D:6      | Killed Duvessa
  4791 | D:6      | Reached skill level 1 in Evocations
  4795 | D:6      | Killed Dowan
  4939 | D:6      | Found a staircase to the Ecumenical Temple.
  5047 | D:7      | Found a hazy altar of Hepliaklqana.
  5108 | D:7      | Noticed Prince Ribbit
  5126 | D:7      | Killed Prince Ribbit
  5451 | D:8      | Found a burning altar of Makhleb.
  5644 | D:8      | Found Asoet's Distillery.
  5707 | D:8      | Found Hoism's Firing Range.
  5765 | D:8      | Noticed Erica
  5821 | D:8      | Killed Erica
  5822 | D:8      | Reached skill level 5 in Evocations
  5822 | D:8      | Reached XP level 10. HP: 79/79 MP: 10/10
  5981 | D:8      | Found a sparkling altar of Nemelex Xobeh.
  6480 | D:8      | Found a staircase to the Lair.
  7102 | D:9      | Reached **** piety under Trog
  7351 | D:9      | Reached skill level 3 in Armour
  7356 | D:9      | Reached skill level 4 in Armour
  7678 | D:10     | Entered Level 10 of the Dungeon
  7737 | D:10     | Found a broken altar of Ashenzari.
  7744 | D:10     | Found a blossoming altar of Fedhas.
  7843 | D:10     | Found a radiant altar of Vehumet.
  7892 | D:10     | Reached skill level 5 in Armour
  7906 | D:10     | Reached XP level 11. HP: 71/90 MP: 11/11
  7914 | D:10     | Reached skill level 5 in Fighting
  7914 | D:10     | Reached skill level 6 in Armour
  8057 | D:10     | Found a transporter.
  8068 | D:10     | Noticed a two-headed ogre
  8069 | D:10     | Found a bloodstained altar of Trog.
  8069 | D:10     | Noticed a tengu warrior
  8070 | D:10     | Noticed a two-headed ogre
  8070 | D:10     | Noticed timneilson's ghost (journeyman GrFi)
  8070 | D:10     | Noticed a two-headed ogre
  8076 | D:10     | Found a transporter.
  8337 | Lair:1   | Entered Level 1 of the Lair of Beasts
  8441 | Lair:1   | Found a gate leading to a gauntlet.
  8449 | Gauntlet | Entered a Gauntlet
  8449 | Gauntlet | Found a transporter.
  8449 | Gauntlet | Found a transporter.
  8452 | Gauntlet | Noticed a soul eater
  8455 | Gauntlet | Found a transporter.
  8467 | Gauntlet | Found a transporter.
  8485 | Gauntlet | Found a transporter.
  8485 | Gauntlet | Found a transporter.
  8487 | Gauntlet | Found a transporter.
  8487 | Gauntlet | Found a transporter.
  8488 | Gauntlet | Found a transporter.
  8498 | Gauntlet | Noticed a blizzard demon
  8500 | Gauntlet | Found a runed translucent door.
  8502 | Gauntlet | Found a transporter.
  8517 | Gauntlet | Found a transporter.
  8518 | Gauntlet | Found the +0 pair of fencer's gloves {Riposte Dex+3}
  8525 | Gauntlet | Noticed a wizard
  8527 | Gauntlet | Found a transporter.
  8534 | Gauntlet | Noticed a wizard
  8542 | Gauntlet | Found a transporter.
  8567 | Gauntlet | Found a transporter.
  8825 | Gauntlet | Reached skill level 7 in Armour
  8831 | Gauntlet | Identified the amulet of the Distant Future {Faith rPois
                  | Slay+3}
  8864 | Gauntlet | Noticed a minotaur
  8885 | Gauntlet | Killed a minotaur
  8940 | Lair:1   | Identified the +2 chain mail "Negishaz" {Int+3 Dex+3}
  9104 | Lair:1   | Reached skill level 8 in Armour
  9708 | Lair:2   | Found a hole to the Spider Nest.
 10028 | Lair:2   | Noticed an eight-headed hydra
 10043 | Lair:2   | Killed an eight-headed hydra
 10044 | Lair:2   | Reached skill level 9 in Armour
 10044 | Lair:2   | Reached XP level 12. HP: 107/107 MP: 12/12
 10301 | Lair:2   | Reached skill level 15 in Maces & Flails
 10485 | Lair:2   | Reached skill level 10 in Armour
 10800 | Lair:2   | Noticed a death yak
 10823 | Lair:2   | Killed a death yak
 10829 | Lair:2   | Reached ***** piety under Trog
 10884 | Lair:2   | Noticed a death yak
 10885 | Lair:2   | Noticed a death yak
 10895 | Lair:2   | Killed a death yak
 10896 | Lair:2   | Reached skill level 11 in Armour
 10955 | Lair:2   | Noticed a death yak
 10956 | Lair:2   | Noticed a death yak
 10957 | Lair:2   | Noticed a death yak
 10960 | Lair:2   | Noticed a boulder beetle
 10966 | Lair:2   | Killed a death yak
 10971 | Lair:2   | Killed a death yak
 11291 | Lair:3   | Reached XP level 13. HP: 116/118 MP: 13/13
 11601 | Lair:3   | Reached skill level 12 in Armour
 12157 | Lair:3   | Found a staircase to the Swamp.
 12216 | Lair:3   | Identified the +11 great sword of Darkness {heavy, rF+
                  | Int-3 Dex+3 SInv} (Trog gifted it to you on level 3 of the
                  | Lair of Beasts)
 12216 | Lair:3   | Received a gift from Trog
 12537 | Lair:3   | Reached skill level 10 in Fighting
 12904 | Lair:4   | Found a transporter.
 13038 | Lair:4   | Found a transporter.
 13073 | Lair:4   | Noticed Rupert
 13804 | D:11     | Reached skill level 13 in Armour
 14192 | D:12     | Found a staircase to the Orcish Mines.
 14420 | D:12     | Found Xoommaing's Fire Supplies.
 14933 | Orc:1    | Entered Level 1 of the Orcish Mines
 14936 | Orc:1    | Received a gift from Trog
 15138 | Orc:1    | Noticed Nergalle
 15166 | Orc:1    | Killed Nergalle
 15223 | Orc:1    | Paralysed by an ogre mage for 4 turns
 15230 | Orc:1    | Reached skill level 14 in Armour
 15788 | Orc:2    | Entered Level 2 of the Orcish Mines
 15932 | Orc:2    | Reached XP level 14. HP: 106/132 MP: 4/14
 15971 | Orc:2    | Received a gift from Trog
 16078 | Orc:2    | Found a staircase to the Elven Halls.
 16111 | Orc:2    | Found Ikleroedd's Armour Emporium.
 16189 | Orc:2    | Reached skill level 15 in Armour
 16423 | Orc:2    | Found Lekk's Weapon Boutique.
 16856 | Orc:2    | Received a gift from Trog
 16950 | Orc:2    | Found Rokh's Antique Weapon Emporium.
 16979 | Orc:2    | Found Exkecaex's Book Boutique.
 16982 | Orc:2    | Found Ebanaf's Distillery.
 17212 | D:12     | Bought the ring "Gyqah" {rF+ rC+ Str+5} for 643 gold pieces
 17536 | Lair:2   | Identified the +1 triple crossbow "Caymi" {antimagic,
                  | Fragile +Blink rElec Dex+6}
 18200 | Lair:4   | Reached skill level 16 in Armour
 18403 | Lair:4   | Killed Rupert
 19279 | Lair:5   | Entered Level 5 of the Lair of Beasts
 19560 | Lair:5   | Identified the +8 falchion of Huiciy {heavy, Contam rPois
                  | Str+3}
 19733 | Lair:5   | Reached skill level 17 in Armour
 19856 | Lair:5   | Reached XP level 15. HP: 117/145 MP: 5/15
 20134 | Lair:5   | Found a large runed translucent door.
 20134 | Lair:5   | Found a large runed translucent door.
 20282 | Lair:5   | Received a gift from Trog
 20327 | Lair:5   | Noticed Nessos
 20572 | Lair:5   | Killed Nessos
 20974 | Lair:5   | Found a viscous altar of Jiyva.
 20975 | Lair:5   | Found a staircase to the Slime Pits.
 21725 | D:10     | Killed timneilson's ghost
 21895 | D:13     | Reached skill level 1 in Shields
 22020 | D:13     | Noticed Azrael
 22055 | D:13     | Killed Azrael
 22056 | D:13     | Reached skill level 15 in Fighting
 22076 | D:13     | Reached skill level 18 in Armour
 22083 | D:13     | Received a gift from Trog
 22952 | D:13     | Noticed Snorg
 22958 | D:13     | Killed Snorg
 23063 | D:13     | Reached ****** piety under Trog
 23073 | D:13     | Reached skill level 5 in Shields
 23125 | D:13     | Received a gift from Trog
 23181 | D:13     | Noticed a sphinx
 23195 | D:13     | Killed a sphinx
 23303 | D:13     | Reached XP level 16. HP: 159/159 MP: 5/16
 24103 | D:14     | Found a radiant altar of Vehumet.
 24403 | D:14     | Identified the +3 whip "Zygiakh" {venom, Contam rElec rF+++
                  | Stlth+}
 24595 | D:14     | Found a hide-covered altar of Uskayaw.
 24711 | D:14     | Found a gate to the Vaults.
 25022 | D:15     | Entered Level 15 of the Dungeon
 25022 | D:15     | Noticed Louise
 25111 | D:15     | Received a gift from Trog
 25239 | D:15     | Found a staircase to the Depths.
 25648 | D:15     | Killed Louise
 26073 | D:15     | Upgraded the game from 0.31-a0-164-g2312942fda to
                  | 0.31-a0-167-g1c394c0614
 26408 | Swamp:1  | Entered Level 1 of the Swamp
 26878 | Swamp:1  | Reached skill level 19 in Armour
 26880 | Swamp:1  | Received a gift from Trog
 26959 | Swamp:1  | Noticed Nikola
 26968 | Swamp:1  | Killed Nikola
 27275 | Swamp:2  | Mangled by an alligator

Illustrated notes

Levels and vault maps discovered:
D:1:      tarquinn_simple_flora_water_a, layout_basic, minmay_octomino_c4
D:2:      layout_loops_ring, shapermc_ecumenical_altar_hornbeckon,
          grunt_decor_mini_mirrors, nicolae_kite_square_tiling_tiny,
          reono_crystal_passage, nicolae_grassy_gnolls, uniq_terence, uniq_robin
D:3:      layout_basic, uniq_grinder
D:4:      gammafunk_wand_slinger, layout_basic, general_overflow_altar,
          gammafunk_ghost_mausoleum
D:5:      layout_loops_ring, kb_xom_exploding_sheep, zin_scriptorium,
          serial_shops, nicolae_shop_behind_doors, uniq_crazy_yiuf_cottage,
          uniq_edmund
D:6:      layout_rooms, temple_doors_e, serial_shops, shop,
          amcnicky_mini_rare_corridor_liquid, uniq_maggie, uniq_duvessa
D:7:      layout_basic, marbit_many_paths, uniq_prince_ribbit1
D:8:      layout_loops_cross, nemelex_spade_bored_becter,
          mainiacjoe_overflow_six_doors_small, david_lair_shrubbed,
          serial_shops, nicolae_shop_pleasant_corner_grove, serial_demonic,
          serial_demonic_f, serial_demonic_d, serial_demonic_b,
          serial_demonic_g, nicolae_shop_firing_range, uniq_erica
D:9:      layout_cave_pools
D:10:     layout_long_grid, mainiacjoe_overflow_boulevard,
          mainiacjoe_overflow_large_starburst, gammafunk_ghost_wrathful_warriors
D:11:     layout_irregular_city
D:12:     layout_long_grid, erik_orc_4, nicolae_shop_fire_sale
          [nicolae_sub_dead_trees]
D:13:     regret_index_harrowing_hell_hive, layout_basic, serial_ice,
          serial_ice_i, serial_ice_c, serial_ice_a, serial_ice_b,
          portal_ice_cave_demonic_guard, uniq_azrael, uniq_snorg
D:14:     minmay_tri_stars, layout_long_grid, david_vaults_5,
          nicolae_uskayaw_murder_on_the_dancefloor, vehumet_statue
D:15:     gammafunk_depths_entry_grave, layout_gridville,
          chequers_serial_rivers_micro_e, uniq_louise
Lair:1:   layout_chaotic_city, gauntlet_entry_generic, st_stairs_13,
          serial_bayou_shore_b
Lair:2:   dpeg_oklob_gauntlet, layout_gridlike, spider_nest_entry_web_field,
          st_stairs_9, bobbens_dragon_lair_wall, grunt_megastairs_1
Lair:3:   layout_cave_pods, swamp_mist
Lair:4:   gammafunk_worm_tunnel, layout_misc_corridors, st_stairs_10,
          uniq_rupert
Lair:5:   cheibrodos_lair_end_hotspot, layout_concentric_octagons,
          slime_entry_1, uniq_nessos
Swamp:1:  layout_falls_marsh, evilmike_swamp_ruin_house_1, uniq_nikola
Swamp:2:  layout_basic_swamp, ebering_ghost_disaster_area,
          evilmike_swamp_ruin_house_6
Orc:1:    hellmonk_paralyzer, layout_caves, basic_altar, mines1_david,
          uniq_nergalle
Orc:2:    st_orc_open, layout_diamond_mine, serial_shops, shop, basic_altar

Skill      XL: |  1  2  3  4  5  6  7  8  9 10 11 12 13 14 15 16 |
---------------+-------------------------------------------------+-----
Maces & Flails | 3 4 5 6 7 9 11 12 14 15 16 | 16.0
Evocations     | 5 7 |  7.0
Fighting       | 4 7 9 11 13 15 16 | 16.7
Armour         | 5 9 11 14 17 18 19 | 19.1
Shields        | 5 7 |  7.6
Dodging        | |  1.3

Action                     |  1- 3 |  4- 6 |  7- 9 | 10-12 | 13-15 | 16-18 || total
---------------------------+-------+-------+-------+-------+-------+-------++-------
  Melee: Mace              |    86 |       |       |       |       |       ||    86
         Tailslap          |    10 |    19 |    21 |    53 |   206 |    74 ||   383
         Punch             |     1 |       |     1 |     6 |    12 |       ||    20
         Flail             |       |   142 |    66 |       |       |       ||   208
         Shillelagh        |       |       |   129 |   113 |    90 |       ||   332
         Morningstar       |       |       |       |   279 |   147 |       ||   426
         Eveningstar       |       |       |       |       |   890 |   331 ||  1221
   Fire: Sling             |     2 |       |       |       |       |       ||     2
  Throw: Dart              |       |     6 |     5 |    16 |    44 |       ||    71
 Invoke: Berserk           |     2 |     3 |     4 |     5 |     8 |     3 ||    25
         Trog's Hand       |     1 |     1 |     5 |     9 |    11 |     5 ||    32
         Brothers in Arms  |       |       |       |     1 |     1 |     2 ||     4
  Evoke: Wand              |       |       |     1 |       |     2 |       ||     3
    Use: Scroll            |     1 |     6 |     6 |     8 |     6 |     2 ||    29
         Potion            |       |       |       |     1 |       |       ||     1
   Stab: Sleeping          |     1 |       |       |       |       |       ||     1
         Petrified         |       |       |       |       |     3 |       ||     3
         Invisible         |       |       |       |       |     1 |       ||     1
 Armour: Animal skin       |     8 |       |       |       |       |       ||     8
         Plate armour      |    42 |   125 |   122 |   196 |   697 |   270 ||  1452
  Dodge: Dodged            |    39 |    40 |    47 |    79 |   254 |    76 ||   535
  Block: Buckler           |       |       |       |       |    81 |   112 ||   193

Table legend: (Time is in decaauts)
 A = Elapsed time spent in this place.
 B = Non-inter-level travel time spent in this place.
 C = Inter-level travel time spent in this place.
 D = Time resting spent in this place.
 E = Time spent auto-exploring this place.
 F = Levels seen in this place.
 G = Mean time per level.
                   A        B        C        D        E       F      G
               +--------+--------+--------+--------+--------+-----+--------+
         Total |  26933 |  25094 |   1839 |   2719 |  17703 |  25 | 1077.3 |
       Dungeon |  14881 |  13641 |   1240 |    889 |  10342 |  15 |  992.1 |
          Lair |   8541 |   8036 |    505 |   1291 |   5356 |   5 | 1708.2 |
         Swamp |    828 |    826 |      2 |      7 |    632 |   2 |  414.0 |
  Orcish Mines |   2217 |   2126 |     91 |    407 |   1315 |   2 | 1108.5 |
      Gauntlet |    464 |    464 |      0 |    123 |     57 |   1 |  464.0 |
               +--------+--------+--------+--------+--------+-----+--------+

Top non-repeatable levels by time:
  Lair:5: 1992 daAuts
  Lair:2: 1919 daAuts
    D:13: 1912 daAuts
     D:8: 1688 daAuts
  Lair:3: 1589 daAuts
  Lair:4: 1582 daAuts
  Lair:1: 1457 daAuts
   Orc:2: 1172 daAuts
    D:12: 1070 daAuts
    D:14: 1067 daAuts
    D:15: 1067 daAuts
   Orc:1: 1045 daAuts
     D:5: 1026 daAuts
     D:4: 982 daAuts
     D:1: 863 daAuts
